AoeStats
← feizda

Arabian Desert

509547050Analyzed
1v1 RM · 5d ago on Sep 27, 2026· 75m 56s· 2 players
Game mode
Random Map
Map size
Tiny (2 player)
Population
200
Speed
Normal
Resources
Standard
Victory
Conquest
Starting age
Dark Age
Ending age
Imperial Age
RankedLock teamsTeams togetherTeam positionsShared explorationLock speedFull tech treeHidden civsTurbo modeCheats
Victory
Defeat
🇨🇳 Portuguese · China
1231
+19
🇺🇸 Persians · United States
1296
-19
feizda
6:04 Loom
9:08 Feudal Age
9:36 Double-Bit Axe
11:02 Horse Collar
16:18 Wheelbarrow
19:42 Castle Age
18:02 Gold Mining
18:31 Town Watch
21:52 Forging
22:10 Bow Saw
22:25 Hand Cart
25:28 Iron Casting
28:39 Scale Barding Armor
29:39 Chain Barding Armor
30:01 Sanctity
29:53 Pikeman
30:46 Husbandry
37:52 Imperial Age
35:33 Fletching
35:43 Padded Archer Armor
35:57 Crossbowman
36:54 Bodkin Arrow
37:14 Leather Archer Armor
38:09 Thumb Ring
37:55 Arbalester
38:37 Bracer
39:07 Ring Archer Armor
40:40 Chemistry
43:04 Two-Man Saw
42:57 Ballistics
45:40 Siege Engineers
47:49 Conscription
47:48 Town Patrol
48:32 Halberdier
49:20 Scale Mail Armor
51:31 Chain Mail Armor
52:34 Plate Mail Armor
53:39 Masonry
54:02 Light Cavalry
54:53 Bloodlines
54:04 Cavalier
54:55 Gambesons
56:14 Blast Furnace
58:27 Plate Barding Armor
61:38 Murder Holes
62:04 Bombard Tower
65:58 Arson
69:26 Capped Ram
73:51 Architecture
Sensei
5:12 Loom
8:58 Feudal Age
11:43 Double-Bit Axe
13:40 Horse Collar
17:21 Gold Mining
21:20 Castle Age
20:28 Forging
21:37 Bloodlines
21:33 Scale Barding Armor
22:22 Light Cavalry
23:27 Scale Barding Armor
24:16 Husbandry
30:25 Town Watch
31:54 Chain Barding Armor
32:10 Iron Casting
32:45 Scale Mail Armor
35:44 Imperial Age
33:34 Heavy Plow
34:31 Wheelbarrow
34:20 Fletching
34:44 Masonry
37:03 Blast Furnace
36:39 Plate Barding Armor
36:45 Bow Saw
38:39 Crop Rotation
39:32 Conscription
39:38 Hand Cart
39:55 Crop Rotation
40:49 Plate Barding Armor
40:57 Heavy Camel Rider
42:56 Cavalier
44:31 Gold Mining
44:37 Savar
46:05 Savar
53:33 Two-Man Saw
55:17 Ballistics
61:17 Town Patrol
61:44 Bodkin Arrow
61:49 Padded Archer Armor
71:29 Kamandaran
70:56 Crossbowman
Connection lost

Rejoining the realm…

Still unreachable

The connection could not be restored.

Session expired

The server has moved on; the page needs a fresh start.